 Dungeon Crawl Stone Soup version 0.22-a0-880-gb7b0c8b (webtiles) character file.

193 Firecrotchwizard the Skirmisher (level 5, -1/88 HPs)
             Began as an Ogre Berserker on July 30, 2018.
             Was a Believer of Trog.
             Slain by a white imp (4 damage)
             ... summoned by Natasha
             ... on level 3 of the Dungeon.
             The game lasted 00:02:50 (2448 turns).

Firecrotchwizard the Skirmisher (Ogre Berserker)    Turns: 2448, Time: 00:02:51

Health: -1/88      AC:  3    Str: 27    XL:     5   Next: 72%
Magic:  5/5        EV: 10    Int:  8    God:    Trog [**....]
Gold:   43         SH:  0    Dex:  8    Spells: 4/4 levels left

rFire    . . .     SeeInvis .   a - +0 mace
rCold    . . .     Gourm    .   (no shield)
rNeg     . . .     Faith    .   b - +0 animal skin
rPois    .         Spirit   .   (helmet restricted)
rElec    .         Reflect  .   (no cloak)
rCorr    .         Harm     .   (gloves unavailable)
MR       .....                  (boots unavailable)
Stlth    ..........             (no amulet)
HPRegen  0.24/turn              (no ring)
MPRegen  0.09/turn              (no ring)

@: berserking, slowed
A: large, unfitting armour, tough skin 1
a: Berserk, Trog's Hand, Renounce Religion


You were on level 3 of the Dungeon.
You worshipped Trog.
Trog was pleased with you.
You were hungry.

You visited 1 branch of the dungeon, and saw 4 of its levels.

You collected 43 gold pieces.

Inventory:

Hand Weapons
 a - a +0 mace (weapon)
Armour
 b - a +0 animal skin (worn)
Jewellery
 f - an uncursed amulet of magic regeneration {unknown}
   (You found it on level 1 of the Dungeon)
 i - an uncursed ring of poison resistance {unknown}
   (You found it on level 2 of the Dungeon)
 k - an uncursed ring of see invisible {unknown}
   (You found it on level 2 of the Dungeon)
Scrolls
 h - a scroll of amnesia {unknown}
 j - 4 scrolls of identify {unknown}
 l - a scroll of blinking {unknown}
 n - a scroll of teleportation {unknown}
Potions
 d - a potion of might {unknown}
 e - a potion of degeneration {unknown}
Comestibles
 c - 4 rations {@e1}
 g - 3 chunks of flesh {@w0}


   Skills:
 + Level 5.6 Fighting
 * Level 4.9 Maces & Flails
 - Level 2.6 Dodging


You had 4 spell levels left.
You didn't know any spells.
Your spell library was empty.

Dungeon Overview and Level Annotations

Branches:
Dungeon (4/15)
 Temple: D:4-7

Altars:
Elyvilon
Qazlal

Annotations:
D:3 Natasha


Innate Abilities, Weirdness & Mutations

You are too large for most types of armour.
You have tough skin. (AC +1)


Message History

You closely miss Natasha.
Natasha hisses angrily.
Natasha claws you.
You take 1 damage, and have 56/57 hp.
You barely miss Natasha.
Natasha wildly gestures.
Natasha shimmers violently.
Natasha claws you!
You take 7 damage, and have 49/57 hp.
You hit Natasha. Natasha closely misses you.
You closely miss Natasha. Natasha barely misses you.
You hit Natasha. Natasha claws you.
You take 3 damage, and have 46/57 hp.
You barely miss Natasha. Natasha casts a spell at you.
You feel yourself slow down.
You closely miss Natasha. Natasha claws you.
Natasha stares at you and mumbles some strange words.
You feel as though you will be slow longer.
You take 1 damage, and have 46/57 hp.
You hit Natasha. Natasha casts a spell at you. The magic dart hits you!
Natasha claws you.
You take 15 damage, and have 31/57 hp.
MASSIVE DAMAGE!!
You are too injured to fight recklessly!
You are too injured to fight recklessly!
You sock Natasha!
You kill Natasha!
Trog accepts your kill.
Trog appreciates your killing of a magic user.
Natasha screams in fury as she dies!
You regained 2 hp, and now have 33/59 hp.
You start resting.
You feel yourself speed up.
You regained 9 hp, and now have 42/59 hp.
You start resting.
Eating one of 4 chunks of flesh {@w0}.
You eat one of the 4 chunks of flesh {@w0}.
Health restored: 59 Something unseen opens the large door.
Natasha, Servant of Life and Death comes into view.
Natasha hisses angrily.
You see here a leather armour.
You barely miss Natasha. Natasha closely misses you.
You closely miss Natasha. Natasha casts a spell at you.
The magic dart hits you!
You take 5 damage, and have 54/59 hp.
You closely miss Natasha. Natasha claws you.
You take 4 damage, and have 50/59 hp.
You barely miss Natasha. Natasha claws you.
You take 3 damage, and have 47/59 hp.
You barely miss Natasha. Natasha claws you but does no damage.
You hit Natasha.
Natasha howls an incantation.
Natasha's front paws start to glow.
Natasha closely misses you.
You barely miss Natasha. Natasha claws you. Natasha claws you!
You take 10 damage, and have 38/59 hp.
You are too injured to fight recklessly!
You are too injured to fight recklessly!
You are too injured to fight recklessly!
You barely miss Natasha.
Natasha mumbles some strange words.
You miss Natasha.
Natasha mumbles some strange words.
The shadow imp barely misses you.
You closely miss Natasha. Natasha claws you! The shadow imp hits you.
You take 9 damage, and have 29/59 hp.
You closely miss Natasha. Natasha barely misses you.
The shadow imp barely misses you. The white imp gestures at you.
The puff of frost hits you!
You take 8 damage, and have 21/59 hp.
A red film seems to cover your vision as you go berserk!
You feel yourself moving faster!
You feel mighty!
You are feeling hungry.
Natasha wildly gestures.
Natasha glows brightly for a moment.
Natasha stares at you and mumbles some strange words.
The magic dart hits you! The shadow imp hits you.
* * * LOW HITPOINT WARNING * * *
The white imp gestures at you. The puff of frost hits you!
* * * LOW HITPOINT WARNING * * *
You now have 15/88 hp.
You completely miss Natasha. Natasha claws you!
* * * LOW HITPOINT WARNING * * *
The shadow imp hits you but does no damage.
The white imp hits you but does no damage.
You take 9 damage, and have 6/88 hp.
You barely miss Natasha. Natasha casts a spell at you.
You feel yourself slow down. The shadow imp hits you.
* * * LOW HITPOINT WARNING * * *
You take 4 damage, and have 2/88 hp.
You miss Natasha. The white imp hits you.
You die...

..... .... .... ## #'.#
####. #####'.### #....
#........# #.##.
#.....h..# #.#..
#....5@..# #.#..
#....5...# #.#..
#.....[..# #.##.
#........# #.##.
#........# #.##.
#####..############.##.
#.....รท.........##.
##.############## #.#


You could see Natasha, a white imp and a shadow imp.

Vanquished Creatures
  A howler monkey (D:4)
  An orc priest (D:3)
  A worker ant (D:4)
  Natasha (D:3)
  3 adders (D:3)
  2 dart slugs (D:1)
  A leopard gecko (D:2)
  2 orcs (D:3)
  4 bats
  2 giant cockroaches
  8 goblins
  3 hobgoblins (D:1)
  4 jackals
  2 kobolds
  2 quokkas (D:2)
  2 frilled lizards
  6 rats
45 creatures vanquished.

Notes
Turn   | Place    | Note
-------+----------+-------------------------------------------
     0 | D:1      | Firecrotchwizard the Ogre Berserker began the quest for the Orb.
     0 | D:1      | Reached XP level 1. HP: 24/24 MP: 1/1
   114 | D:1      | Reached skill level 3 in Maces & Flails
   120 | D:1      | Reached XP level 2. HP: 25/32 MP: 2/2
   678 | D:1      | Reached XP level 3. HP: 35/40 MP: 3/3
   968 | D:2      | Found a stormy altar of Qazlal.
  1025 | D:2      | Found a white marble altar of Elyvilon.
  1204 | D:2      | Reached ** piety under Trog
  1475 | D:2      | You fall through a shaft for 2 floors!
  1481 | D:4      | Reached XP level 4. HP: 35/49 MP: 4/4
  1675 | D:4      | Reached skill level 5 in Fighting
  1675 | D:4      | Reached skill level 4 in Maces & Flails
  1961 | D:3      | Reached XP level 5. HP: 41/57 MP: 5/5
  1971 | D:3      | HP: 21/85 [poisoned by an orc]
  1976 | D:3      | HP: 11/57 [poisoned by an orc]
  2297 | D:3      | Noticed Natasha
  2308 | D:3      | Killed Natasha
  2431 | D:3      | Noticed Natasha
  2445 | D:3      | HP: 15/88 [white imp/puff of frost[Natasha] (11)]
  2446 | D:3      | HP: 6/88 [Natasha (9)]
  2447 | D:3      | HP: 2/88 [shadow imp[Natasha] (4)]
  2448 | D:3      | Slain by a white imp

Vault maps used:
D:1:      lemuel_arrival_tunnels
D:2:      grunt_qazlal_sundering, roderic_roman_lattice, elyvilon_altar_5,
          uniq_robin
D:3:      lemuel_doored_altar, first_ration, uniq_natasha
D:4:      minmay_temple_entry_enclosed_plants, serial_shops, shop

Skill      XL: |  1  2  3  4 |
---------------+-------------+-----
Maces & Flails | 3 4 |  4.9
Fighting       | 5 |  5.6
Dodging        | |  2.6

Action                   |  1- 3 |  4- 6 || total
-------------------------+-------+-------++-------
Melee: Mace              |    84 |    85 ||   169
Invok: Berserk           |       |     2 ||     2
  Use: Potion            |       |     1 ||     1
  Eat: Chunk             |     2 |     4 ||     6
Armor: Animal skin       |    20 |    18 ||    38
Dodge: Dodged            |    42 |    47 ||    89

Table legend:
 A = Spawn XP
 B = Non-spawn XP
 C = Spawn XP percentage of total XP
 D = Spawn monster count
 E = Non-spawn monster count
 F = Spawn count percentage of total count
 G = Total turns spent on level
                    A         B        C        D         E        F      G
               +---------+---------+-------+---------+---------+-------+---------
         Total |       0 |     277 |   0.0 |       0 |      45 |   0.0 |  2448
               +---------+---------+-------+---------+---------+-------+---------
           D:1 |       0 |      36 |   0.0 |       0 |      19 |   0.0 |   853
           D:2 |       0 |      14 |   0.0 |       0 |       9 |   0.0 |   622
           D:3 |       0 |     136 |   0.0 |       0 |      15 |   0.0 |   545
           D:4 |       0 |      91 |   0.0 |       0 |       2 |   0.0 |   428
               +---------+---------+-------+---------+---------+-------+---------

Vault maps used:
D:1:      lemuel_arrival_tunnels
D:2:      grunt_qazlal_sundering, roderic_roman_lattice, elyvilon_altar_5,
          uniq_robin
D:3:      lemuel_doored_altar, first_ration, uniq_natasha
D:4:      minmay_temple_entry_enclosed_plants, serial_shops, shop

Table legend:
 A = Turns spent in this place as a percentage of turns spent in the entire game.
 B = Non-inter-level travel turns spent in this place as a percentage of non-inter-level travel turns spent in the entire game.
 C = Inter-level travel turns spent in this place as a percentage of turns spent in this place.
 D = Turns resting spent in this place as a percentage of non-inter-level travel turns spent in this place.
 E = Turns spent auto-exploring this place as a percentage of non-inter-level travel turns spent in this place.
 F = Non-inter-level travel turns spent in this place divided by the number of levels of this place that you've seen.
                   A       B       C       D       E      F
               +-------+-------+-------+-------+-------+----------------------
         Total | 100.0 | 100.0 |   1.3 |  47.6 |  38.1 | 604.2
       Dungeon | 100.0 | 100.0 |   1.3 |  47.6 |  38.1 | 604.2
               +-------+-------+-------+-------+-------+----------------------

Table legend:
 A = Kills in this place as a percentage of kills in entire the game.
 B = Kills by you in this place as a percentage of kills by you in the entire game.
 C = Kills by friends in this place as a percentage of kills by friends in the entire game.
 D = Other kills in this place as a percentage of other kills in the entire game.
 E = Experience gained in this place as a percentage of experience gained in the entire game.
 F = Experience gained in this place divided by the number of levels of this place that you have seen.
                   A       B       C       D       E      F
               +-------+-------+-------+-------+-------+----------------------
         Total | 100.0 | 100.0 |   N/A |   N/A | 100.0 |  69.2
       Dungeon | 100.0 | 100.0 |   N/A |   N/A | 100.0 |  69.2
               +-------+-------+-------+-------+-------+----------------------
